 Dungeon Crawl Stone Soup version 0.18.1-48-g4cf74bf (webtiles) character file.

1206 Joat the Insei (level 8, -12/57 HPs)
             Began as an Octopode Monk on Aug 6, 2016.
             Was a Priest of Cheibriados.
             Mangled by an ogre
             ... wielding a +0 giant club
              (22 damage)
             ... on level 5 of the Dungeon.
             The game lasted 00:39:00 (6223 turns).

Joat the Insei (Octopode Monk)                      Turns: 6223, Time: 00:39:00

Health: -12/57     AC:  1    Str: 18    XL:     8   Next: 45%
Magic:  6/9        EV: 17    Int: 23    God:    Cheibriados [***...]
Gold:   80         SH:  0    Dex: 22    Spells: 1 memorised, 5 levels left

rFire  . . .     SeeInvis .     a - +0 shortbow (freeze)
rCold  . . .     Gourm    .     (shield currently unavailable)
rNeg   . . .     Faith    .     (helmet restricted)
rPois  .         Spirit   .     b - amulet of regeneration
rElec  .         Dismiss  .     d - ring of protection from magic
rCorr  .         Reflect  .     (no ring)
SustAt .         Harm     .     (no ring)
MR     +....                    (no ring)
Stlth  +++++.....               (no ring)
                                (no ring)
                                (no ring)
                                (no ring)

@: very slightly contaminated, very slow, somewhat resistant to hostile
enchantments, quite stealthy
A: almost no armour, amphibious, 8 rings, constrict 8, camouflage 1, gelatinous
body 1
a: Bend Time, Temporal Distortion, Renounce Religion


You were on level 5 of the Dungeon.
You worshipped Cheibriados.
Cheibriados was most pleased with you.
You were not hungry.

You visited 1 branch of the dungeon, and saw 5 of its levels.

You collected 177 gold pieces.
You spent 97 gold pieces at shops.

Inventory:

Hand Weapons
 a - a +0 shortbow of freezing (weapon)
Missiles
 e - 10 javelins
 n - 3 curare-tipped needles
 r - 14 arrows (quivered)
Jewellery
 b - an amulet of regeneration (around mantle)
 d - a ring of protection from magic (left tentacle)
Scrolls
 c - a scroll of enchant weapon
 h - 2 scrolls of remove curse
 k - a scroll of amnesia
 l - a scroll of recharging
 Y - a scroll of identify
Potions
 j - a potion of brilliance {unknown}
 m - a potion of lignification {unknown}
Books
 g - a book of Air

   Spells                             Type                      Level
   a - Shock                          Conjuration/Air              1
   b - Swiftness                      Charms/Air                   2
   c - Repel Missiles                 Charms/Air                   2
   d - Static Discharge               Conjuration/Air              3
   e - Lightning Bolt                 Conjuration/Air              5
Comestibles
 f - a meat ration
 i - a slice of pizza
 o - a chunk of flesh
 Z - a bread ration


   Skills:
 * Level 5.7 Fighting
 * Level 6.0 Dodging
 - Level 5.0 Stealth
 * Level 6.6 Unarmed Combat
 + Level 1.2 Charms
 + Level 1.0 Air Magic
 + Level 1.8 Invocations


You had 5 spell levels left.
You knew the following spells:

 Your Spells              Type           Power        Failure   Level  Hunger
d - Repel Missiles        Chrm/Air       #.....       17%         2    ###....


Dungeon Overview and Level Annotations

Branches:
Dungeon (5/15)
 Temple: D:4-7

Altars:
Ashenzari
Cheibriados
Dithmenos
Elyvilon
Ru
Trog
Vehumet
Yredelemnul

Shops:
D:4 *   D:5 ?


Innate Abilities, Weirdness & Mutations

You cannot wear most types of armour.
You are amphibious.
You can wear up to eight rings at the same time.
You can use your tentacles to constrict eight enemies at once.
Your skin changes colour to match your surroundings (Stealth).
Your rubbery body absorbs attacks (AC +1).


Message History

You are very lightly contaminated with residual magic.
As you read the scroll of blinking, it crumbles to dust.
Your +0 shortbow of freezing is covered in frost.
a - a +0 shortbow of freezing (weapon)
You are too injured to fight recklessly!
Firing (i - inventory. (,) - cycle):
r - 16 arrows (quivered)
Press: ? - help, Shift-Dir - straight line, f - ogre
Aim: an ogre, wielding a giant club (lightly wounded)
You shoot an arrow. The arrow hits the ogre.
The arrow freezes the ogre.
The ogre is lightly wounded.
Firing (i - inventory. (,) - cycle):
r - 15 arrows (quivered)
Press: ? - help, Shift-Dir - straight line, f/p - ogre
Aim: an ogre, wielding a giant club (lightly wounded)
You shoot an arrow. The arrow hits the ogre.
The arrow freezes the ogre.
The ogre is moderately wounded.
The flow of time bends around you.
Cheibriados rebukes the ogre.
The ogre seems to slow down.
You feel slightly more hungry. The ogre hits you with a giant club!!
You die...

#....O.?.# #.....## ##........#
#....... #........## #.......
#.%......# #......# #.......##
##..#.## #.......# ###..#
.####......#### #..##
...........(..##############.##
..............(O@...........#####
.####..###########.########..##..
#### ###...## ##))÷). ##......##
##..... ##........# ##.(....
##...>.....# ##.......
##......<...# #.....∩..
#...........# ##........
##...........# #.........


You could see an ogre.

Vanquished Creatures
  Sigmund (D:4)
  Menkaure (D:5)
  A sky beast (D:4)
  An ogre (D:4)
  A phantom (D:4)
  A centaur (D:5)
  2 scorpions (D:4)
  2 crimson imps (D:5)
  2 hounds (D:4)
  An iguana (D:4)
  2 worker ants (D:4)
  A worker ant zombie (D:5)
  5 gnolls
  10 adders
  2 oozes
  3 worms
  5 dart slugs
  2 giant geckos
  11 orcs
  5 bats
  4 giant cockroaches
  10 goblins
  13 hobgoblins
  17 jackals
  A quokka (D:4)
  2 ball pythons
  A giant gecko skeleton (D:5)
  4 giant newts
  2 gnoll zombies (D:3)
  7 kobolds
  6 rats
126 creatures vanquished.

Notes
Turn   | Place    | Note
--------------------------------------------------------------
     0 | D:1      | Joat the Octopode Monk began the quest for the Orb.
     0 | D:1      | Reached XP level 1. HP: 16/16 MP: 1/1
    46 | D:1      | Reached XP level 2. HP: 10/21 MP: 2/2
   390 | D:1      | Reached XP level 3. HP: 8/26 MP: 3/3
  1185 | D:2      | Reached XP level 4. HP: 29/31 MP: 4/4
  1639 | D:2      | Found a faded altar to an unknown god.
  2132 | D:1      | Reached XP level 5. HP: 37/37 MP: 5/5
  2294 | D:2      | Reached skill level 5 in Unarmed Combat
  2962 | D:3      | Found a sacrificial altar of Ru.
  2962 | D:3      | Found a bloodstained altar of Trog.
  2963 | D:3      | Found a radiant altar of Vehumet.
  2999 | D:3      | Found a snail-covered altar of Cheibriados.
  3006 | D:3      | Became a worshipper of Cheibriados the Contemplative
  3006 | D:3      | Reached * piety under Cheibriados
  3006 | D:3      | Reached ** piety under Cheibriados
  3063 | D:3      | Found a basalt altar of Yredelemnul.
  3768 | D:4      | Reached XP level 6. HP: 31/43 MP: 6/6
  3927 | D:4      | Found a white marble altar of Elyvilon.
  3941 | D:4      | Found a shadowy altar of Dithmenos.
  4070 | D:4      | Noticed a phantom
  4282 | D:4      | Killed a phantom
  4392 | D:4      | Noticed Sigmund
  4628 | D:4      | Reached skill level 5 in Stealth
  4628 | D:4      | Reached XP level 7. HP: 49/49 MP: 7/7
  4880 | D:4      | Killed Sigmund
  4880 | D:4      | Reached skill level 5 in Fighting
  4880 | D:4      | Reached skill level 5 in Dodging
  4940 | D:4      | Reached *** piety under Cheibriados
  5340 | D:4      | Found Hogeror's Assorted Antiques.
  5344 | D:4      | Reached XP level 8. HP: 45/55 MP: 8/8
  5354 | D:4      | Learned a level 2 spell: Repel Missiles
  5360 | D:4      | Bought a scroll labeled SIFUDGH OGHITZI for 22 gold pieces
  5456 | D:4      | Found a shattered altar of Ashenzari.
  5519 | D:5      | Entered Level 5 of the Dungeon
  5795 | D:5      | Reached skill level 1 in Invocations
  5800 | D:5      | Noticed Menkaure
  5809 | D:5      | Killed Menkaure
  6058 | D:5      | Found Kumav's Magic Scroll Shoppe.
  6075 | D:5      | Reached skill level 1 in Charms
  6090 | D:5      | Bought a scroll of blinking for 75 gold pieces
  6146 | D:5      | Reached skill level 1 in Air Magic
  6213 | D:5      | HP: 2/57 [ogre/giant club (29)]
  6223 | D:5      | Mangled by an ogre

Skill      XL: |  1  2  3  4  5  6  7  8 |
---------------+-------------------------+-----
Stealth        | 3 4 5 |  5.0
Dodging        | 4 5 6 |  6.0
Unarmed Combat | 5 6 |  6.6
Fighting       | 4 5 |  5.7
Invocations    | 1 |  1.8
Charms         | 1 |  1.2
Air Magic      | 1 |  1.0

Action                   |  1- 3 |  4- 6 |  7- 9 || total
-------------------------+-------+-------+-------++-------
Melee: Unarmed           |    62 |   160 |    76 ||   298
       Constrict         |    20 |    40 |    21 ||    81
       Tentacles         |     9 |    36 |    33 ||    78
       Punch             |     1 |     4 |     8 ||    13
 Fire: Shortbow          |       |       |     2 ||     2
Throw: Javelin           |       |    17 |       ||    17
Invok: Bend Time         |       |       |     1 ||     1
  Use: Potion            |       |     4 |       ||     4
       Scroll            |       |    10 |     2 ||    12
 Stab: Sleeping          |     8 |    12 |     7 ||    27
       Distracted        |       |     1 |       ||     1
  Eat: Chunk             |       |     9 |     2 ||    11
Armor: Skin              |     2 |     7 |     1 ||    10
Dodge: Dodged            |    30 |   104 |    39 ||   173
